 Dungeon Crawl Stone Soup version 0.20-a0-2-g2b0e13a (webtiles) character file.

173 yukitheduck the Conjurer (level 5, -2/31 HPs)
             Began as a High Elf Wizard on Oct 28, 2016.
             Slain by an orc priest
             ... wielding a +0 club
              (3 damage)
             ... on level 3 of the Dungeon.
             The game lasted 00:16:21 (2751 turns).

yukitheduck the Conjurer (High Elf Wizard)          Turns: 2751, Time: 00:16:22

Health: -2/31      AC:  2    Str:  7    XL:     5   Next: 28%
Magic:  3/11       EV: 13    Int: 22    God:
Gold:   170        SH:  0    Dex: 15    Spells: 3 memorised, 4 levels left

rFire  . . .     SeeInvis .     (no weapon)
rCold  . . .     Gourm    .     a - +0 robe
rNeg   . . .     Faith    .     (no shield)
rPois  .         Spirit   .     b - +0 hat
rElec  +         Reflect  .     (no cloak)
rCorr  .         Harm     .     (no gloves)
MR     +....                    (no boots)
Stlth  ++........               (no amulet)
                                (no ring)
                                (no ring)

@: very slightly contaminated
A: agile 1, magic resistance 1, electricity resistance
a: no special abilities


You were on level 3 of the Dungeon.
You were not hungry.

You visited 1 branch of the dungeon, and saw 3 of its levels.

You collected 170 gold pieces.

Inventory:

Armour
 a - a +0 robe (worn)
 b - a +0 hat (worn)
Scrolls
 q - a scroll of enchant weapon
Potions
 e - a potion of brilliance
 h - a potion of curing
 i - a potion of haste
 r - a potion of cure mutation
Books
 c - a book of Minor Magic

   Spells                             Type                      Level
   a - Magic Dart                     Conjuration                  1
   b - Blink                          Translocation                2
   c - Call Imp                       Summoning                    2
   d - Repel Missiles                 Charms/Air                   2
   e - Slow                           Hexes                        2
   f - Conjure Flame                  Conjuration/Fire             3
   g - Mephitic Cloud                 Conjuration/Poison/Air       3
Comestibles
 d - 2 bread rations
 f - 3 meat rations
 g - a chunk of flesh
 j - 2 beef jerkies
 p - 3 fruits


   Skills:
 - Level 2.1 Dodging
 - Level 2.1 Stealth
 - Level 3.6 Spellcasting
 + Level 5.7 Conjurations
   Level 0.8 Summonings
   Level 1.1 Translocations


You had 4 spell levels left.
You knew the following spells:

 Your Spells              Type           Power        Failure   Level  Hunger
a - Magic Dart            Conj           ####         1%          1    None
b - Conjure Flame         Conj/Fire      ###.....     12%         3    ###....
c - Mephitic Cloud        Conj/Pois/Air  ##......     17%         3    ###....


Dungeon Overview and Level Annotations

Branches:
Dungeon (3/15)

Altars:
Gozag
Nemelex Xobeh


Innate Abilities, Weirdness & Mutations

You are agile. (Dex +2)
You are resistant to hostile enchantments. (MR+)
You are resistant to electric shocks. (rElec)


Message History

The magic dart hits the orc priest.
The orc priest is heavily wounded.
The orc priest hits you but does no damage.
Casting: Magic Dart
Confirm with . or Enter, or press ? or * to list all spells.
Aiming: Magic Dart
Press: ? - help, Shift-Dir - straight line, f/p - orc priest
Aim: an orc priest, wielding a club and wearing a ring mail (heavily wounded)
The magic dart hits the orc priest.
The orc priest is heavily wounded.
The orc priest barely misses you.
Casting: Magic Dart
Confirm with . or Enter, or press ? or * to list all spells.
Aiming: Magic Dart
Press: ? - help, Shift-Dir - straight line, f/p - orc priest
Aim: an orc priest, wielding a club and wearing a ring mail (heavily wounded)
The magic dart hits the orc priest.
The orc priest is heavily wounded.
The orc priest hits you with a club.
You die...

.##.####.###.#
....)........#
..#.#####.#### #.#.#
#.###########
#.#.#####(..........#
#...##...........#
##..##.#########.#
#.>## #o# ##.# #@#
#.# #.# #.# #.# #.#
#.# #.#


You could see an orc priest.

Vanquished Creatures
  10 adders
  2 oozes
  3 worms
  A leopard gecko (D:3)
  3 orcs (D:3)
  3 giant cockroaches (D:2)
  7 goblins
  5 hobgoblins
  10 jackals
  8 kobolds
  2 ball pythons
  2 bats
  2 frilled lizards (D:1)
  6 rats
64 creatures vanquished.

Notes
Turn   | Place    | Note
-------+----------+-------------------------------------------
     0 | D:1      | yukitheduck the High Elf Wizard began the quest for the Orb.
     0 | D:1      | Reached XP level 1. HP: 11/11 MP: 6/6
   227 | D:1      | Reached skill level 2 in Conjurations
   431 | D:1      | Reached XP level 2. HP: 17/17 MP: 5/7
   943 | D:1      | Reached skill level 3 in Conjurations
  1164 | D:1      | Reached XP level 3. HP: 21/21 MP: 2/9
  1353 | D:2      | Learned a level 3 spell: Conjure Flame
  1357 | D:2      | Learned a level 3 spell: Mephitic Cloud
  1458 | D:2      | Reached skill level 4 in Conjurations
  1579 | D:2      | Reached XP level 4. HP: 27/27 MP: 5/10
  1925 | D:2      | Reached skill level 5 in Conjurations
  2106 | D:2      | Reached XP level 5. HP: 31/31 MP: 7/11
  2249 | D:3      | Gained mutation: You are resistant to electric shocks. (rElec) [potion of beneficial mutation]
  2250 | D:3      | Gained mutation: You are agile. (Dex +2) [potion of beneficial mutation]
  2251 | D:3      | Gained mutation: You are resistant to hostile enchantments. (MR+) [potion of beneficial mutation]
  2662 | D:3      | Found an opulent altar of Gozag.
  2662 | D:3      | Found a sparkling altar of Nemelex Xobeh.
  2748 | D:3      | HP: 1/31 [orc priest/club (2)]
  2751 | D:3      | Slain by an orc priest

Vault maps used:
D:1:      dpeg_arrival_lava_temple_mockup
D:3:      wad_crossroads, grunt_temple_overflow_opulence, fedhas_altar_1,
          first_bread

Skill      XL: |  1  2  3  4 |
---------------+-------------+-----
Conjurations   | 2 3 4 5 |  5.7
Dodging        | |  2.1
Stealth        | |  2.1
Spellcasting   | |  3.6
Summonings     | |  0.8
Translocations | |  1.1

Action                   |  1- 3 |  4- 6 || total
-------------------------+-------+-------++-------
Melee: Unarmed           |    10 |     2 ||    12
 Cast: Magic Dart        |    68 |    89 ||   157
  Use: Scroll            |       |     8 ||     8
       Potion            |       |     7 ||     7
  Eat: Chunk             |     2 |     4 ||     6
Armor: Robe              |     3 |     3 ||     6
Dodge: Dodged            |    16 |    20 ||    36
